 Dungeon Crawl Stone Soup version 0.22.1-1-ga44c0e5 (webtiles) character file.

136 Starchild the Slasher (level 5, -2/41 HPs)
             Began as a Formicid Fighter on Oct 7, 2018.
             Killed by divine providence
             ... invoked by an orc priest
              (14 damage)
             ... on level 3 of the Dungeon.
             The game lasted 00:05:39 (1765 turns).

Starchild the Slasher (Formicid Fighter)            Turns: 1765, Time: 00:05:41

Health: -2/41      AC:  6    Str: 20    XL:     5   Next: 43%
Magic:  5/5        EV:  8    Int:  8    God:
Gold:   170        SH:  9    Dex: 11    Spells: 4/4 levels left

rFire    . . .     SeeInvis +   a - +0 long sword
rCold    . . .     Gourm    .   c - +0 shield
rNeg     . . .     Faith    .   b - +0 scale mail
rPois    .         Spirit   .   (helmet unavailable)
rElec    .         Reflect  .   (no cloak)
rCorr    .         Harm     .   (no gloves)
MR       .....                  (no boots)
Stlth    ..........             (no amulet)
HPRegen  0.13/turn              h - +3 ring of slaying
MPRegen  0.09/turn              (no ring)

@: no status effects
A: permanent stasis, dig shafts and tunnels, four strong arms, antennae 3
a: Dig, Shaft Self


You were on level 3 of the Dungeon.
You were not hungry.

You visited 1 branch of the dungeon, and saw 3 of its levels.

You collected 170 gold pieces.

Inventory:

Hand Weapons
 a - a +0 long sword (weapon)
 t - a +0 hunting sling
Missiles
 k - 88 stones
 o - 5 tomahawks (quivered)
Armour
 b - a +0 scale mail (worn)
 c - a +0 shield (worn)
Jewellery
 h - a +3 ring of slaying (left hand)
Scrolls
 e - a scroll of identify
 g - a scroll of noise {unknown}
 i - 2 scrolls of remove curse
 l - 3 scrolls of teleportation
 n - a scroll of magic mapping {unknown}
 p - a scroll of enchant armour {unknown}
 q - a scroll of enchant weapon {unknown}
Potions
 d - a potion of might
 j - a potion of resistance
 m - a potion of invisibility
 r - 2 potions of curing {unknown}
 s - a potion of mutation {unknown}
 u - a potion of haste {unknown}
Comestibles
 f - 5 rations


   Skills:
 - Level 3.2 Fighting
 * Level 4.6 Long Blades
 - Level 3.2 Armour
 + Level 4.5 Shields


You had 4 spell levels left.
You didn't know any spells.
Your spell library was empty.

Dungeon Overview and Level Annotations

Branches:
Dungeon (3/15)

Altars:


Innate Abilities, Weirdness & Mutations

You cannot be hasted, slowed, berserked, paralysed or teleported.
You can dig through walls and to a lower floor.
Your four strong arms can wield two-handed weapons with a shield.
You have a pair of large antennae on your head. (SInv)


Message History

The orc priest is lightly wounded.
The orc priest barely misses you.
You slash the orc priest!
The orc priest is almost dead.
The orc wizard begins to cast a cantrip, but forgets the words!
The orc priest hits you with a war axe.
You barely miss the orc priest.
The orc priest is almost dead.
The orc priest hits you with a war axe.
You hit the orc priest but do no damage.
The orc priest is almost dead.
An orc comes into view. It is wielding a hand axe.
You hit the orc priest but do no damage.
The orc priest is almost dead.
The orc priest mumbles some strange prayers to Beogh against you.
Beogh smites you!
* * * LOW HITPOINT WARNING * * *
The orc priest mumbles some strange prayers to Beogh against you.
Beogh smites you!
You die...

#...# #..####...... #.)##....
#...####............. #...#....
#......†............. #.#.#....
###................. ##.#......
....##############.# #..)......
....######## # #.........
....#....>.### #.........
....#........####################
................@o......
.............#..o#o..#..
.....................o..
###........###...#...#..
#........# ...........
#.....################ #.....#{ {
#.###.#


You could see an orc priest, an orc wizard and 2 orcs.

Vanquished Creatures
  Jessica (D:2)
  A worker ant zombie (D:2)
  3 adders (D:2)
  An ooze (D:2)
  4 orcs (D:3)
  3 giant cockroaches
  11 goblins
  10 hobgoblins
  5 jackals
  9 bats
  5 frilled lizards
  3 kobolds
  5 rats
61 creatures vanquished.

Notes
Turn   | Place    | Note
-------+----------+-------------------------------------------
     0 | D:1      | Starchild the Formicid Fighter began the quest for the Orb.
     0 | D:1      | Reached XP level 1. HP: 18/18 MP: 1/1
   168 | D:1      | Reached XP level 2. HP: 22/24 MP: 2/2
   365 | D:1      | Reached XP level 3. HP: 28/29 MP: 3/3
   633 | D:2      | Noticed Jessica
   656 | D:2      | Killed Jessica
   656 | D:2      | Reached XP level 4. HP: 4/35 MP: 4/4
  1101 | D:2      | Reached XP level 5. HP: 40/41 MP: 5/5
  1765 | D:3      | Killed from afar by an orc priest

Skill      XL: |  1  2  3  4 |
---------------+-------------+-----
Shields        | 4 |  4.5
Long Blades    | 3 4 |  4.6
Fighting       | |  3.2
Armour         | |  3.2

Action                   |  1- 3 |  4- 6 || total
-------------------------+-------+-------++-------
Melee: Long sword        |    85 |    70 ||   155
  Use: Potion            |     1 |       ||     1
       Scroll            |       |     3 ||     3
  Eat: Chunk             |       |     3 ||     3
Armor: Scale mail        |    42 |    21 ||    63
Dodge: Dodged            |    27 |    22 ||    49
Block: Shield            |    46 |    28 ||    74
       Rpst.: Long sword |     7 |     8 ||    15
